 Dungeon Crawl Stone Soup version 0.32-a0-21-gdaabb59 (webtiles) character file.

Game seed: 10106692582289307414

1518 Dorkslayer the Sneak (level 8, -3/51 HPs)
             Began as an Octopode Shapeshifter on Jan 17, 2024.
             Was a Follower of Dithmenos.
             Slain by a gnoll
             ... wielding a +0 flail
             ... led by a gnoll bouda
              (4 damage)
             ... on level 8 of the Dungeon.
             The game lasted 00:19:28 (5531 turns).

Dorkslayer the Sneak (Octopode Shapeshifter)        Turns: 5531, Time: 00:19:29

Health: -3/51      AC:  1    Str: 16    XL:     8   Next: 84%
Magic:  17/17      EV:  8    Int: 12    God:    Dithmenos [*.....]
Gold:   336        SH:  0    Dex: 17    Spells: 7/7 levels left

rFire   . . .        d - +0 war axe
rCold   . . .        (no shield)
rNeg    . . .        (helmet currently unavailable)
rPois   .            p - amulet of regeneration
rElec   .            f - ring of magical power
rCorr   .            v - +6 ring of dexterity
SInv    .            (no ring)
Will    .....        (no ring)
Stlth   +++++        (no ring)
HPRegen 1.08/turn    (no ring)
MPRegen 0.15/turn    (no ring)
                     (no ring)

%: no passive effects
@: beast-form, held, wreathed by umbra
A: beast (slay +2), almost no armour, amphibious, 8 rings, camouflage 1,
gelatinous body 1, (nimble swimmer 1), tentacles
a: Begin Untransformation, Renounce Religion


You were on level 8 of the Dungeon.
You worshipped Dithmenos.
Dithmenos was aware of your devotion.
You were a hulking beast.
You visited 1 branch of the dungeon, and saw 8 of its levels.

You collected 366 gold pieces.
You spent 30 gold pieces at shops.

Inventory:

Hand Weapons
 d - a +0 war axe (weapon)
 h - a +0 mace
Missiles
 a - 5 boomerangs (quivered)
Jewellery
 f - a ring of magical power (left tentacle)
 p - an amulet of regeneration (around mantle)
 v - a +6 ring of dexterity (right tentacle)
Talismans
 b - a beast talisman
 c - a flux talisman
 s - a blade talisman
Wands
 k - a wand of polymorph (7)
Scrolls
 e - 2 scrolls of teleportation
 j - 2 scrolls of poison
 l - a scroll of blinking
 m - a scroll of silence
 o - a scroll of butterflies
 r - a scroll of enchant armour
Potions
 g - 2 potions of curing
 n - a potion of enlightenment {unknown}
 q - a potion of magic {unknown}
 t - a potion of ambrosia
 w - a potion of mutation {unknown}


   Skills:
 + Level 2.7 Fighting
 + Level 0.1(2.7) Axes
 + Level 4.4 Maces & Flails
 * Level 4.3 Dodging
 + Level 5.8 Stealth
 * Level 5.3 Unarmed Combat
 * Level 3.6 Evocations
 * Level 4.8 Shapeshifting


You had 7 spell levels left.
You didn't know any spells.
Your spell library contained the following spells:

 Spells                   Type           Power      Damage    Failure   Level
 Shock                    Conj/Air       0%         1d3       32%         1
 Swiftness                Air            0%         N/A       69%         3
 Volatile Blastmotes      Fire/Tloc      0%         2d10      69%         3
 Airstrike                Air            0%         2d(0-16)  97%         4
 Brom's Barrelling Bould  Conj/Erth      0%         2d3       97%         4
 Shatter                  Erth           0%         3d5*      100%        9


Dungeon Overview and Level Annotations

Branches:
Dungeon (8/15)             Temple (0/1) D:7
   Lair: D:8-11

Altars:
Ashenzari
Cheibriados
Dithmenos
Hepliaklqana
Qazlal
Ru
Sif Muna
Vehumet
Xom
Zin
The Shining One

Shops:
D:2 *   D:6 =


Innate Abilities, Weirdness & Mutations

You are a hulking beast.
Your limbs bulge with bestial killing power. (Slay +2)
You cannot wear most types of armour.
You are amphibious.
You can wear up to eight rings at the same time.
Your skin changes colour to match your surroundings (Stealth+).
Your rubbery body absorbs attacks. (AC +1, EV +1)
((You are camouflaged when in or above water. (Stealth+)))
You have tentacles for arms and can constrict up to eight enemies at once.


Message History

The gnoll barely misses you.
The gnoll hits you from afar with a +0 spear.
You slash the gnoll bouda!
The gnoll bouda is severely wounded.
You hit the gnoll. You constrict the gnoll bouda.
The gnoll closely misses you. x2
The gnoll bouda calls upon its god to heal the gnoll.
The gnoll's wounds heal themselves!
The gnoll barely misses you. The gnoll closely misses you.
You hit the gnoll bouda.
You kill the gnoll bouda!
Dithmenos accepts your kill.
You hit the gnoll. The gnoll closely misses you. x4
A shadow imp comes into view.
The gnoll hits you from afar with a +0 spear!
The gnoll hits you from afar with a +0 halberd!
The gnoll hits you from afar with a +0 halberd.
The gnoll closely misses you.
The gnoll throws a throwing net.
The throwing net hits you.
You become entangled in the net!
You see here a throwing net.
You feel much better.
Your attacks no longer feel as feeble.
The gnoll hits you from afar with a +0 halberd.
The gnoll hits you from afar with a +0 spear!
You struggle against the net.
The gnoll closely misses you.
The gnoll hits you from afar with a +0 halberd.
The gnoll closely misses you. x2
You struggle against the net.
The shadow imp shouts, "Go and return not, thou paunchy flat-headed minnow reeky!"
The gnoll closely misses you. The gnoll completely misses you.
The gnoll barely misses you. x2; The gnoll hits you with a +0 flail!
You struggle against the net.
The gnoll hits you from afar with a +0 halberd.
The gnoll closely misses you.
The gnoll hits you from afar with a +0 spear.
* * * LOW HITPOINT WARNING * * *
The gnoll hits you from afar with a +0 halberd!
* * * LOW HITPOINT WARNING * * *
The gnoll hits you with a +0 flail.
You die...

#......##. ###.>....#.
##..#....... #####
#...........
#...###..........#
###....#......#.##.#
#...............# ..
##.....#............
#####h####............
#....g..###...........
#...gggg# #.........
#....5...###.......
#........## #......
##........ .....
#........# .....##..#
##..#. ...


You could see 5 gnolls and a shadow imp.

Vanquished Creatures
  2 ice beasts (D:6)
  A sky beast (D:8)
  An ogre (D:6)
  A centaur (D:7)
  2 scorpions
  5 killer bees (D:7)
  3 bombardier beetles
  3 jellies
  Crazy Yiuf (D:5)
  A gnoll bouda (D:8)
  2 hounds
  An orc priest (D:6)
  A sleepcap (D:6)
  6 iguanas
  3 orc wizards (D:6)
  4 adders
  2 white imps
  A dart slug (D:2)
  3 ribbon worms
  10 orcs
  8 ball pythons
  5 bats
  7 endoplasms
  2 giant cockroaches
  5 goblins (D:1)
  10 hobgoblins
  4 jackals (D:2)
  5 kobolds
  2 quokkas (D:1)
  A frilled lizard (D:1)
  2 rats (D:1)
104 creatures vanquished.

Notes
Turn   | Place    | Note
-------+----------+-------------------------------------------
     0 | D:1      | Dorkslayer the Octopode Shapeshifter began the quest for
                  | the Orb.
     0 | D:1      | Reached XP level 1. HP: 13/13 MP: 1/1
    62 | D:1      | Reached XP level 2. HP: 15/18 MP: 2/2
   350 | D:1      | Reached XP level 3. HP: 23/23 MP: 3/3
   773 | D:2      | Found Cusel's General Store.
   786 | D:2      | Bought a scroll of teleportation for 30 gold pieces
  1227 | D:2      | Reached skill level 1 in Stealth
  1236 | D:2      | Got the Grimoire of Hairiness
  1443 | D:3      | Found a sacrificial altar of Ru.
  1452 | D:3      | Reached skill level 1 in Maces & Flails
  1452 | D:3      | Reached XP level 4. HP: 10/28 MP: 4/4
  1640 | D:3      | Found a shadowy altar of Dithmenos.
  1647 | D:3      | Became a worshipper of Dithmenos the Shadowed
  1654 | D:3      | Found a shimmering altar of Xom.
  1838 | D:3      | Found a shimmering blue altar of Sif Muna.
  1841 | D:3      | Found a glowing silver altar of Zin.
  1845 | D:3      | Found a glowing golden altar of the Shining One.
  1849 | D:3      | Found a radiant altar of Vehumet.
  1853 | D:3      | Found a stormy altar of Qazlal.
  1857 | D:3      | Found a broken altar of Ashenzari.
  2284 | D:4      | Reached XP level 5. HP: 9/33 MP: 5/5
  3013 | D:4      | Found a snail-covered altar of Cheibriados.
  3202 | D:5      | Entered Level 5 of the Dungeon
  3287 | D:5      | Reached skill level 1 in Evocations
  3387 | D:5      | Reached XP level 6. HP: 34/38 MP: 6/6
  3904 | D:5      | Found a runed translucent door.
  3929 | D:5      | Noticed Crazy Yiuf
  3937 | D:5      | Killed Crazy Yiuf
  3999 | D:6      | Reached XP level 7. HP: 44/44 MP: 7/7
  4078 | D:6      | Found Riclaah's Jewellery Boutique.
  4096 | D:6      | Reached * piety under Dithmenos
  4264 | D:6      | Reached XP level 8. HP: 33/51 MP: 8/8
  4379 | D:6      | Reached skill level 5 in Stealth
  4379 | D:6      | Reached skill level 5 in Unarmed Combat
  4910 | D:7      | Found a staircase to the Ecumenical Temple.
  5225 | D:7      | Found a faded altar of an unknown god.
  5231 | D:7      | Found a faded altar of an unknown god.
  5231 | D:7      | Found a hazy altar of Hepliaklqana.
  5439 | D:8      | Noticed a two-headed ogre
  5468 | D:8      | Upgraded the game from 0.32-a0-19-g28bc083 to
                  | 0.32-a0-21-gdaabb59
  5531 | D:8      | HP: 1/51 [gnoll/+0 halberd[a gnoll bouda] (10)]
  5531 | D:8      | Slain by a gnoll

Illustrated notes

Levels and vault maps discovered:
D:1:      sevenhm_arrival_forest_fort_small_3, layout_basic, minmay_tromino_v2
D:2:      layout_loops_ring, serial_shops, shop
D:3:      layout_loops_ring, nicolae_overflow_hallway_of_the_gods,
          amethyst_overflow_temple_binary, mainiacjoe_overflow_boulevard
D:4:      layout_cave_pods, mainiacjoe_overflow_brackets
D:5:      layout_basic, chequers_serial_rivers_large_b, uniq_crazy_yiuf_cottage
D:6:      layout_cave_pools, serial_shops, shop, grunt_ministairs_12,
          chequers_serial_rivers_small_3
D:7:      layout_loops_ring, nicolae_hepliaklqana_ecumenical_no_more,
          minmay_temple_entry_enclosed_plants, minivault_5
D:8:      layout_cave_pools, uniq_prince_ribbit1, uniq_grum

Skill      XL: |  1  2  3  4  5  6  7  8 |
---------------+-------------------------+-----
Stealth        | 1 2 3 4 5 |  5.8
Maces & Flails | 1 2 3 4 |  4.4
Unarmed Combat | 4 5 |  5.3
Evocations     | 1 2 3 |  3.6
Shapeshifting  | 4 |  4.8
Fighting       | 2 |  2.7
Dodging        | 3 4 |  4.3
Axes           | |  0.1

Action                     |  1- 3 |  4- 6 |  7- 9 || total
---------------------------+-------+-------+-------++-------
  Melee: Unarmed           |    20 |       |       ||    20
         Constrict         |    18 |    14 |    14 ||    46
         Tentacles         |    11 |    12 |    22 ||    45
         Mace              |    53 |    77 |    57 ||   187
         Punch             |       |     3 |     2 ||     5
         War axe           |       |       |     6 ||     6
  Evoke: Wand              |       |       |    19 ||    19
    Use: Scroll            |     9 |     1 |     6 ||    16
         Potion            |       |     5 |     3 ||     8
   Stab: Sleeping          |     5 |    12 |     4 ||    21
         Paralysed         |       |       |     9 ||     9
 Armour: Skin              |    35 |    52 |    39 ||   126
  Dodge: Dodged            |    44 |    37 |    62 ||   143

Table legend: (Time is in decaauts)
 A = Elapsed time spent in this place.
 B = Non-inter-level travel time spent in this place.
 C = Inter-level travel time spent in this place.
 D = Time resting spent in this place.
 E = Time spent auto-exploring this place.
 F = Levels seen in this place.
 G = Mean time per level.
                   A        B        C        D        E       F      G
               +--------+--------+--------+--------+--------+-----+--------+
         Total |   5586 |   5586 |      0 |     16 |   3425 |   8 |  698.2 |
       Dungeon |   5586 |   5586 |      0 |     16 |   3425 |   8 |  698.2 |
               +--------+--------+--------+--------+--------+-----+--------+

Top non-repeatable levels by time:
     D:4: 946 daAuts
     D:3: 843 daAuts
     D:7: 790 daAuts
     D:5: 775 daAuts
     D:1: 753 daAuts
     D:2: 689 daAuts
     D:6: 664 daAuts
     D:8: 123 daAuts
